Map: 亚历山大港 - 天梯版

Players

iAsonu - Winner!

  • Race: Zerg Zerg

Probe

  • Race: Protoss Protoss
  • League: Platinum

Event: WESG 2018 Grand Finals

VOD

Have the link to the VOD?

Description

Time

  • Played on: March 12, 2019, 5:06 a.m.
  • Length: 6:57

All games in this series

Show
View Real Time Build Order
Export as new Build Order

iAsonu Zerg - Winner!

Build Orders: Hatch First 

Get SALT Encoding   

  12  0:00  Drone  
  13  0:12  Overlord  
  13  0:17  Drone  
  14  0:31  Drone x2  
  14  0:35  Drone  
  17  0:52  Hatchery  
  17  0:56  Drone  
  17  0:58  Drone  
  18  1:10  Extractor  
  17  1:14  Spawning Pool  
  17  1:17  Drone  
  17  1:20  Drone  
  18  1:29  Drone  
  19  1:39  Drone  
  20  1:49  Hatchery  
  20  1:52  Drone  
  20  2:03  Queen  
  22  2:10  Queen  
  22  2:14  Drone  
  25  2:19  Overlord  
  25  2:23  Drone  
  25  2:25  Drone  
  27  2:31  Metabolic Boost  
  27  2:35  Drone  
  28  2:39  Zergling x2  
  28  2:40  Zergling x2  
  31  2:44  Drone  
  31  2:50  Queen  
  33  2:52  Drone  
  33  2:56  Drone  
  35  3:02  Queen  
  37  3:07  Overlord  
  37  3:10  Drone  
  38  3:14  Drone  
  38  3:19  Drone x3  
  42  3:23  Overlord  
  42  3:26  Drone x2  
  44  3:30  Drone  
  44  3:31  Drone  
  44  3:34  Overlord  
  46  3:39  Evolution Chamber, Drone  
  46  3:43  Drone  
  46  3:47  Drone x2  
  49  3:49  Spore Crawler  
  49  3:51  Spore Crawler  
  49  3:53  Drone  
  49  3:54  Drone  
  49  4:00  Drone x4  
  53  4:07  Lair  
  53  4:09  Zerg Melee Weapons Level 1  
  53  4:12  Drone x2  
  55  4:18  Queen  
  55  4:20  Overlord  
  55  4:24  Overlord  
  57  4:27  Overlord  
  57  4:31  Zergling x2  
  58  4:37  Overlord  
  58  4:39  Zergling x14  
  58  4:43  Zergling x4  
  58  4:44  Zergling x4  
  69  4:50  Overlord  
  69  4:52  Queen  
  71  4:55  Queen  
  71  4:57  Zergling x2  
  71  4:58  Zergling x4  
  76  5:01  Overlord  
  76  5:04  Overlord  
  75  5:09  Nydus Network  
  75  5:10  Zergling x4  
  76  5:15  Overseer  
  76  5:19  Zergling x14  
  82  5:24  Queen  
  82  5:28  Zergling x8  
  87  5:33  Zergling x8  
  91  5:36  Zergling x2  
  91  5:40  Zergling x2  
  93  5:47  Nydus Canal  
  93  5:48  Zergling x10  
  98  5:52  Zergling x2  
  98  5:54  Zergling x2  
  100  5:59  Zergling x2  
  100  6:00  Queen  
  102  6:09  Zergling x10  
  91  6:15  Zergling x12  
  87  6:21  Zergling x2  
  87  6:22  Zergling x2  
  87  6:28  Zergling x4  
  89  6:35  Zergling x4  
  89  6:37  Zergling x2  
Show
View Real Time Build Order
Export as new Build Order

Probe Protoss 

Build Orders: 1 Gate Expand, Oracle Opening, Phoenix Opening 

Get SALT Encoding   

  12  0:00  Probe  
  13  0:12  Probe  
  14  0:20  Pylon  
  14  0:24  Probe  
  15  0:34  Probe  
  15  0:40  Gateway  
  15  0:42  Probe  
  16  0:48  Assimilator  
  17  0:53  Probe  
  18  1:05  Probe  
  19  1:17  Probe  
  20  1:26  Nexus  
  20  1:35  Cybernetics Core  
  20  1:42  Probe  
  20  1:47  Assimilator  
  21  1:54  Probe  
  21  1:57  Pylon  
  22  2:05  Adept, Probe  
  23  2:13  Probe  
  25  2:22  Probe  
  26  2:25  Stargate  
  27  2:33  Probe  
  27  2:34  Probe  
  27  2:35  Adept  
  30  2:38  Warp Gate  
  30  2:42  Probe  
  31  2:45  Probe  
  33  2:52  Probe  
  33  2:57  Probe  
  35  3:00  Phoenix  
  35  3:04  Probe  
  36  3:09  Probe  
  39  3:12  Pylon  
  39  3:16  Probe  
  40  3:21  Probe  
  41  3:27  Oracle  
  41  3:28  Probe  
  46  3:34  Assimilator  
  46  3:37  Assimilator  
  46  3:40  Probe  
  47  3:41  Gateway  
  47  3:44  Robotics Facility  
  46  3:53  Probe x2  
  48  4:01  Twilight Council  
  48  4:09  Pylon  
  50  4:10  Gateway  
  50  4:12  Gateway  
  48  4:18  Gateway, Charge  
  48  4:19  Gateway  
  48  4:21  Warp Prism, Gateway  
  48  4:25  Gateway  
  48  4:37  Gateway  
  50  4:47  Adept  
  50  4:51  Pylon  
  52  5:05  Zealot  
  52  5:06  Zealot  
  56  5:12  Pylon  
  52  5:26  Zealot x5, Pylon x2  
  62  5:29  Zealot x2  
  66  5:48  Zealot x6  
  66  5:49  Zealot x2  
  82  5:54  Pylon  
  82  5:55  Pylon  
  82  6:09  Zealot x5  
  78  6:13  Zealot  
  78  6:15  Zealot  
  59  6:19  Zealot  
  53  6:30  Zealot  
  53  6:31  Zealot x3  
  59  6:35  Zealot  
  59  6:38  Zealot  
  61  6:41  Zealot  
  61  6:43  Zealot  
Tags
 
Add a new tag
Caveats
  • Supply blocks, unpowered buildings, or Contaminate may cause inaccurate times.
  • Supply counts are checked every 10 seconds.